 Dungeon Crawl Stone Soup version 0.32-a0-675-gdc239d62e1 (webtiles) character file.

Game seed: 17690817086291791957

111592 pisaster the Warrior (level 16, 0/124 HPs)
             Began as a Coglin Brigand on Mar 11, 2024.
             Was the Champion of Hepliaklqana.
             Slain by an ettin
             ... wielding a +0 dire flail
              (16 damage)
             ... on level 2 of the Orcish Mines on Mar 12, 2024.
             The game lasted 01:30:05 (28288 turns).

pisaster the Warrior (Coglin Brigand)              Turns: 28288, Time: 01:30:06

Health: 0/124      AC: 21    Str: 12    XL:     16   Next: 58%
Magic:  18/18      EV: 17    Int: 11    God:    Hepliaklqana [******]
Gold:   1583       SH:  0    Dex: 23    Spells: 15/15 levels left

rFire   . . .        H - +2 quick blade {Harkiran}
rCold   . . .        Q - +3 rapier (speed) {Gloria}
rNeg    . . .        f - +2 scale mail {Will+}
rPois   +            j - +2 helmet
rElec   .            c - +0 cloak
rCorr   +            v - +2 pair of gloves
SInv    .            n - +1 pair of boots
Will    ++...        (amulet unavailable)
Stlth   ++           (ring unavailable)
HPRegen 0.40/turn    (ring unavailable)
MPRegen 0.56/turn    E - bismuth core {RevMP, rPois rCorr Slay+3}

%: no passive effects
@: spiked, revving
A: reduced essence, off-hand wielding, slow wielding, warmup strikes, no
jewellery
a: Renounce Religion, Recall Ancestor, Ancestor Identity, Transference, Idealise


You were on level 2 of the Orcish Mines.
You worshipped Hepliaklqana.
Hepliaklqana was exalted by your worship.
You visited 4 branches of the dungeon, and saw 23 of its levels.
You visited 1 bazaar.
You also visited: Sewer and Gauntlet.

You collected 2716 gold pieces.
You spent 1133 gold pieces at shops.

Inventory:

Hand Weapons
 o - a +1 scimitar of flaming
 H - a +2 quick blade (weapon) {Harkiran}
 Q - a +3 rapier of speed (offhand) {Gloria}
 R - a +5 scimitar {Uttamveer}
Missiles
 e - 11 curare-tipped darts
 N - 4 throwing nets
Armour
 c - a +0 cloak (worn)
 f - a +2 scale mail of willpower (worn)
 j - a +2 helmet (worn)
 n - a +1 pair of boots (worn)
 v - a +2 pair of gloves (worn)
 X - a +2 troll leather armour {Snorg}
 Y - the +2 ring mail of Inaction {rCorr Dex+2}
   (You found it on level 5 of the Lair of Beasts)

   Dex+2:     It affects your dexterity (+2).
   rCorr:     It protects you from acid and corrosion.
Gizmo
 E - a bismuth core (installed) {RevMP, rPois rCorr Slay+3}
   (You invented it yourself on level 5 of the Lair of Beasts)

   [bismuth core]

   RevMP:     Your magic regeneration increases greatly based on how Revved you
   are.
   Slay+3:    It affects your accuracy & damage with ranged weapons and melee
   (+3).
   rPois:     It protects you from poison.
   rCorr:     It protects you from acid and corrosion.
Wands
 b - a wand of digging (3)
 h - a wand of mindburst (34)
 p - a wand of polymorph (27)
 q - a wand of charming (30)
 y - a wand of light (8)
 z - a wand of flame (22)
 W - a wand of warping (7)
Scrolls
 m - 6 scrolls of teleportation
 t - 5 scrolls of immolation
 u - 3 scrolls of butterflies
 w - 4 scrolls of blinking
 x - 2 scrolls of revelation
 A - a scroll of fog
 D - 4 scrolls of identify
 G - a scroll of poison
 K - 3 scrolls of vulnerability
 L - 4 scrolls of noise
 M - 5 scrolls of fear
 S - 3 scrolls of torment
 Z - a scroll of silence
Potions
 a - 3 potions of mutation
 g - 8 potions of heal wounds
 i - a potion of cancellation
 k - 11 potions of curing
 l - 3 potions of lignification
 s - 3 potions of invisibility
 B - 5 potions of ambrosia
 C - 2 potions of magic
 F - 2 potions of enlightenment
 J - 2 potions of resistance
 T - a potion of haste
 U - 3 potions of attraction
 V - a potion of might
Miscellaneous
 d - a tin of tremorstones (2/2)
 r - a phial of floods
 I - a lightning rod (4/4)
 O - a sack of spiders
 P - a phantom mirror


   Skills:
 + Level 15.9 Fighting
 - Level 12.4(14.0) Short Blades
 - Level 11.5(14.1) Long Blades
 - Level 1.7 Throwing
 - Level 9.9 Armour
 - Level 12.5 Dodging
 - Level 3.2 Stealth
 * Level 3.4 Invocations
 - Level 5.0 Evocations


You had 15 spell levels left.
You didn't know any spells.
Your spell library contained the following spells:

 Spells                   Type           Power      Damage    Failure   Level
 Necrotise                Necr           0%         1d4       80%         1
 Sandblast                Erth           0%         2d4       80%         1
 Shock                    Conj/Air       0%         1d3       80%         1
 Ensorcelled Hibernation  Hex/Ice        0%         N/A       90%         2
 Fugue of the Fallen      Necr           0%         N/A       99%         3
 Inner Flame              Hex/Fire       0%         N/A       99%         3
 Passwall                 Erth           0%         N/A       99%         3
 Stone Arrow              Conj/Erth      0%         3d7       99%         3
 Summon Ice Beast         Ice/Summ       0%         N/A       99%         3
 Swiftness                Air            0%         N/A       99%         3
 Vampiric Draining        Necr           0%         2d6       99%         3
 Airstrike                Air            0%         2d(0-16)  100%        4
 Anguish                  Hex/Necr       0%         N/A       100%        4
 Brom's Barrelling Bould  Conj/Erth      0%         2d3       100%        4
 Cause Fear               Hex            0%         N/A       100%        4
 Flame Wave               Conj/Fire      0%         2d4       100%        4
 Martyr's Knell           Necr/Summ      0%         N/A       100%        4
 Sticky Flame             Fire/Alch      0%         2d4       100%        4
 Vhi's Electric Charge    Tloc/Air       0%         N/A       100%        4
 Arcjolt                  Conj/Air       0%         1d10      100%        5
 Curse of Agony           Necr           0%         N/A       100%        5
 Fireball                 Conj/Fire      0%         3d3       100%        5
 Summon Mana Viper        Hex/Summ       0%         N/A       100%        5
 Plasma Beam              Fire/Air       0%         2x1d10    100%        6
 Monstrous Menagerie      Summ           0%         N/A       100%        7
 Dragon's Call            Summ           0%         N/A       100%        9


Dungeon Overview and Level Annotations

Branches:
Dungeon (15/15)            Temple (1/1) D:5            Lair (5/5) D:10
  Swamp (0/4) Lair:3        Snake (0/4) Lair:2        Slime (0/5) Lair:5
    Orc (2/2) D:9          Vaults (0/5) D:14         Depths (0/4) D:15
  Sewer (visited)         Gauntlet (visited)
    Elf: Orc:2

Altars:
Ashenzari
Cheibriados
Dithmenos
Elyvilon
Fedhas
Gozag
Hepliaklqana
Kikubaaqudgha
Makhleb
Nemelex Xobeh
Okawaru
Qazlal
Ru
Sif Muna
Trog
Uskayaw
Vehumet
Wu Jian
Xom
Yredelemnul
Zin
The Shining One
Beogh
Lugonu

Shops:
D:5 *   D:8 (   D:9 *   D:10 ?   D:15 [:[

Portals:
Abyss: Lair:5

Annotations:
D:4 exclusion: statue
D:11 exclusion: catoblepas
Lair:2 2 runed translucent doors, mycrawlcharacter's ghost, journeyman MiBe
Lair:4 2 transporters


Innate Abilities, Weirdness & Mutations

Your life essence is reduced to manifest your ancestor. (-10% HP)
You can wield a second weapon in your off-hand.
It takes a long time for you to wield or remove held weapons.
Your first few attacks do less damage.
You cannot equip rings or amulets.


Message History

The orc knight is lightly wounded.
You hit the orc knight with your +2 quick blade.
You hit the orc knight but do no damage.
The orc knight is lightly wounded.
Luedito hits the orc sorcerer with a +0 dagger of draining!
You puncture the orc knight with your +2 quick blade!
You barely miss the orc knight with your +2 quick blade.
The orc knight is moderately wounded.
You hit the orc knight with your +3 rapier of speed.
The red devil hits you from afar with a +0 trident!
Barbed spikes become lodged in your body.
The orc knight hits you with a +2 war axe.
The orc knight barely misses Luedito.
The ettin hits you but does no damage. The ettin barely misses you.
You hit the orc knight but do no damage.
The orc knight is moderately wounded.
You hit the orc knight but do no damage. x2
The orc knight is moderately wounded.
Luedito hits the orc sorcerer with a +0 dagger of draining.
You hit the orc knight but do no damage.
You hit the orc knight with your +2 quick blade.
The orc knight is moderately wounded.
You puncture the orc knight with your +3 rapier of speed!
Luedito casts a spell at the orc sorcerer.
The orc sorcerer resists with some effort.
The red devil hits you but does no damage.
The orc knight barely misses you.
The orc knight hits Luedito with a +2 war axe!
You hit the orc knight with your +3 rapier of speed.
The orc knight is heavily wounded.
You hit the orc knight with your +2 quick blade.
You hit the orc knight but do no damage.
The orc knight is severely wounded.
The ettin hits you with a +0 dire flail.
The ettin hits you with a +0 dire flail!
You completely miss the orc knight with your +3 rapier of speed.
The orc knight is severely wounded.
You puncture the orc knight with your +2 quick blade!
You barely miss the orc knight with your +2 quick blade.
The orc knight is severely wounded.
Luedito hits the orc knight with a +0 dagger of draining.
Luedito drains the orc knight.
You closely miss the orc knight with your +3 rapier of speed.
The orc knight is almost dead.
You hit the orc knight with your +2 quick blade.
You completely miss the orc knight with your +2 quick blade.
The orc knight is almost dead.
The red devil completely misses you.
An orc sorcerer comes into view. It is wielding a +0 dagger.
The orc knight hits you with a +2 war axe!
The orc knight hits Luedito with a +2 war axe.
The orc wizard casts a spell.
The orc wizard flickers and vanishes!
Deactivating autopickup; reactivate with Ctrl-A.
The orc priest invokes the aid of Beogh against you.
Beogh smites you! The ettin completely misses you.
The ettin closely misses you.
Luedito barely misses the orc knight.
You hear a shout!
The orc sorcerer shouts!
You hit the orc knight but do no damage.
The orc knight is almost dead.
You puncture the orc knight with your +2 quick blade!
You kill the orc knight!
You hit the ettin but do no damage. x3; Luedito closely misses the red devil.
The orc sorcerer mumbles some strange words.
The red devil hits you from afar with a +0 trident.
More barbed spikes become lodged in your body.
The ettin barely misses you. The ettin closely misses you.
You hit the ettin but do no damage. x2
You puncture the ettin with your +3 rapier of speed!
Luedito hits the red devil with a +0 dagger of draining!
The barbed spikes dig painfully into your body as you move.
Luedito hits the red devil with a +0 dagger of draining!
The orc priest looks satisfied for a moment.
The ettin hits you with a +0 dire flail!
The ettin hits you with a +0 dire flail!!
* * * LOW HITPOINT WARNING * * *
Luedito hits the red devil with a +0 dagger of draining!
Unknown command.
You feel much better.
Luedito barely misses the red devil.
The red devil hits Luedito with a +0 trident.
The ettin hits you with a +0 dire flail!!
* * * LOW HITPOINT WARNING * * *
The ettin completely misses you.
Luedito hits the red devil with a +0 dagger of draining!
The red devil dies!
The red devil disappears in a puff of smoke!
Read: 6 scrolls of fear
Press: ? - help, Dir - look around, f - activate Look: an ettin, wielding two +0 dire flails (lightly wounded, ally target, chance to affect: 90%)
As you read the scroll of fear, it crumbles to dust.
You assume a fearsome visage.
The orc priest looks frightened!
The orc warrior looks frightened!
The orc looks frightened!
The orc sorcerer looks frightened!
The orc warrior looks frightened!
The sun demon looks frightened!
The orc priest looks frightened!
The ettin resists with some effort.
The ettin hits you with a +0 dire flail!
You die...
Hepliaklqana delivers you to your ancestors.

.....$........##
..............#
.......#......
#........#.#
#....$....#..
#....3.......
##.$..o....#
#...<#.....#
#.C@........#
##R..........#
....ßo.)o.....#....
.....o............#
.....o.......#.....
...o.........#.....
...oß............
..#####......#. ..
......$#


You could see the friendly Luedito the hexer, an ettin (ally target), a sun
demon (summoned, fleeing), 2 orc sorcerers, 2 orc warriors, 2 orc priests and an
orc (fleeing).

Vanquished Creatures
  A storm dragon (D:15)
  Kirke (D:13)
  A fire giant (D:15)
  Louise (D:14)
  Azrael (D:14)
  A minotaur (Gauntlet)
  Snorg (Lair:4)
  An ettin (D:15)
  A rakshasa (D:15)
  Harold (Orc:1)
  Fannar (Orc:1)
  A great orb of eyes (D:15)
  4 ogre magi
  An ice dragon (D:15)
  4 vault guards (D:15)
  2 hydras
  10 centaur warriors
  5 boulder beetles
  6 two-headed ogres
  A tengu warrior (D:14)
  2 deep troll shamans (D:15)
  5 death yaks
  Urug (D:10)
  An orc high priest (Orc:1)
  3 thrashing horrors
  A sixfirhy (Gauntlet)
  3 skysharks (Lair:5)
  A fire crab (D:13)
  9 skeletal warriors
  An orange crystal statue (Gauntlet)
  An arcanist (D:14)
  A harpy (shapeshifter) (D:15)
  4 orc knights
  4 deep elf pyromancers
  5 cyclopes (D:15)
  5 ugly things
  2 orc sorcerers (Orc:1)
  4 black mambas
  2 manticores (D:15)
  A large abomination (Lair:5)
  A meliai (D:15)
  A meliai (shapeshifter) (Lair:5)
  13 elephants
  A torpor snail (Lair:2)
  Maggie (D:9)
  10 cane toads
  2 unseen horrors
  2 unseen horror zombies (D:10)
  A rime drake (Lair:2)
  An unseen horror (shapeshifter) (D:15)
  4 yaktaurs
  7 komodo dragons
  7 trolls
  5 tengu conjurers (D:15)
  A polar bear (Lair:5)
  A queen bee (D:10)
  2 hornets
  2 glass eyes (D:15)
  A wolf spider simulacrum (D:15)
  5 dream sheep
  3 raiju
  17 blink frogs
  4 shadows
  A spriggan (Lair:5)
  A spriggan (shapeshifter) (D:15)
  3 wyverns
  2 ynoxinuls (Lair:5)
  A centaur simulacrum (D:15)
  31 yaks
  5 fire elementals (D:14)
  A yak (shapeshifter) (D:15)
  2 hogs (D:13)
  8 basilisks
  4 chaos spawn (Lair:5)
  10 vampire mosquitoes
  A warg (Orc:2)
  3 steam dragons
  A redback (D:15)
  3 nagas (Lair:2)
  3 hell hounds (D:14)
  7 water moccasins
  2 ice beasts (D:8)
  10 orc warriors
  3 black bears
  4 laughing skulls
  A sky beast (D:7)
  7 small abominations
  7 boggarts
  14 ogres
  4 wolves (Lair:4)
  12 centaurs
  3 kobold brigands
  A brain worm (shapeshifter) (D:14)
  8 bullfrogs
  2 gnoll sergeants (D:11)
  2 scorpions (D:7)
  13 wights
  32 killer bees
  5 spriggan skeletons (D:14)
  A troll skeleton (D:14)
  6 howler monkeys
  A bombardier beetle (D:5)
  4 centaur zombies (D:10)
  6 hounds
  A jelly (D:6)
  9 orc priests
  4 iguanas
  A gnoll bouda (D:7)
  9 orc wizards
  24 gnolls
  10 adders
  A river rat (D:3)
  A shadow imp (D:6)
  4 white imps
  8 ufetubi
  2 ribbon worms (D:2)
  10 dart slugs
  49 orcs
  3 bats
  13 endoplasms
  14 giant cockroaches
  A goblin (D:2)
  4 hobgoblins
  4 jackals (D:1)
  4 quokkas
  18 ball pythons
  14 frilled lizards
  21 kobolds
  11 rats
668 creatures vanquished.

Vanquished Creatures (collateral kills)
  A great orb of eyes (D:15)
  2 catoblepae
  A two-headed ogre (D:10)
  A tengu warrior (D:15)
  A thrashing horror (Lair:5)
  A skeletal warrior (D:13)
  A glowing orange brain (D:15)
  A deep elf pyromancer (D:15)
  2 ugly things
  A manticore (D:15)
  3 centaur zombies (D:10)
  An unseen horror (D:12)
  A cane toad (Lair:4)
  A torpor snail (Lair:2)
  An unseen horror zombie (D:10)
  A glass eye (D:15)
  5 blink frogs
  A dream sheep (Lair:2)
  A wyvern (D:10)
  6 yaks
  A hog (shapeshifter) (D:15)
  A warg (Orc:1)
  2 water moccasins
  2 ogres
  A boggart (D:12)
  A wolf (Lair:4)
  3 centaurs
  A hexer (D:15)
  4 small abominations (Lair:5)
  4 wights
  7 killer bees
  A howler monkey (D:9)
  A hound (D:7)
  A gnoll bouda (D:7)
  2 orc wizards
  4 orcs (Orc:1)
  2 kobolds
71 creatures vanquished.

Vanquished Creatures (others)
  8 hexers
  2 ancestors (D:7)
10 creatures vanquished.

Grand Total: 749 creatures vanquished

Notes
Turn   | Place    | Note
-------+----------+-------------------------------------------
     0 | D:1      | pisaster the Coglin Brigand began the quest for the Orb.
     0 | D:1      | Reached XP level 1. HP: 16/16 MP: 1/1
   117 | D:1      | Reached XP level 2. HP: 22/22 MP: 2/2
   757 | D:2      | Reached XP level 3. HP: 28/28 MP: 3/3
  1688 | D:3      | Reached XP level 4. HP: 20/34 MP: 4/4
  1743 | D:3      | Noticed an ogre
  1752 | D:3      | Killed an ogre
  1753 | D:3      | Reached skill level 3 in Fighting
  1753 | D:3      | Reached XP level 5. HP: 40/41 MP: 5/5
  2034 | D:3      | Found a glowing drain.
  2055 | Sewer    | Entered a sewer
  2201 | Sewer    | Reached XP level 6. HP: 48/48 MP: 6/6
  2425 | Sewer    | Reached skill level 4 in Fighting
  2469 | Sewer    | Reached skill level 5 in Short Blades
  2787 | D:3      | Reached XP level 7. HP: 55/55 MP: 7/7
  3299 | D:4      | Found a burning altar of Makhleb.
  3688 | D:4      | Found a radiant altar of Vehumet.
  4063 | D:5      | Entered Level 5 of the Dungeon
  4172 | D:5      | Reached skill level 5 in Fighting
  4286 | D:5      | Found a hide-covered altar of Uskayaw.
  4299 | D:5      | Found a staircase to the Ecumenical Temple.
  4314 | Temple   | Entered the Ecumenical Temple
  4331 | Temple   | Became a worshipper of Hepliaklqana the Forgotten
  4442 | D:5      | Reached XP level 8. HP: 57/62 MP: 8/8
  4724 | D:5      | Found a shimmering altar of Xom.
  4774 | D:5      | Found Duhuliurr's Lightly-Used Armoury.
  4780 | D:5      | Reached skill level 1 in Long Blades
  4797 | D:5      | Bought a -2 quick blade for 55 gold pieces
  4883 | D:5      | Found an ancient bone altar of Kikubaaqudgha.
  5021 | D:6      | Reached skill level 6 in Fighting
  5589 | D:6      | Found an ornate altar of the Wu Jian Council.
  5639 | D:6      | Reached * piety under Hepliaklqana
  6137 | D:6      | Reached skill level 7 in Fighting
  6620 | D:6      | Reached XP level 9. HP: 32/63 MP: 9/9
  7227 | D:7      | Reached skill level 5 in Long Blades
  7304 | D:7      | Reached skill level 8 in Fighting
  7860 | D:7      | Reached ** piety under Hepliaklqana
  7861 | D:7      | Remembered your ancestor Luedito as a hexer
  7916 | D:7      | Reached skill level 1 in Evocations
  7936 | D:7      | Found a stormy altar of Qazlal.
  7936 | D:7      | Found a glowing golden altar of the Shining One.
  8274 | D:8      | Reached skill level 9 in Fighting
  8355 | D:8      | Reached XP level 10. HP: 74/74 MP: 10/10
  8688 | D:8      | Noticed a two-headed ogre
  8697 | D:8      | Killed a two-headed ogre
  8732 | D:8      | Found a shadowy altar of Dithmenos.
  8775 | D:8      | Found Weloq's Weapon Shoppe.
  8782 | D:8      | Bought a +2 rapier of speed for 240 gold pieces
  8814 | D:8      | Noticed a two-headed ogre
  8828 | D:8      | Killed a two-headed ogre
  8829 | D:8      | Reached skill level 5 in Evocations
  9511 | D:9      | Reached *** piety under Hepliaklqana
  9631 | D:9      | Noticed Maggie
  9643 | D:9      | Killed Maggie
  9652 | D:9      | Reached skill level 10 in Fighting
  9996 | D:9      | Found a sparkling altar of Nemelex Xobeh.
 10098 | D:9      | Found a staircase to the Orcish Mines.
 10204 | D:9      | Found Ikhlim's Assorted Antiques.
 10340 | D:9      | Found a snail-covered altar of Cheibriados.
 10347 | D:9      | Found a sacrificial altar of Ru.
 10394 | D:9      | Reached **** piety under Hepliaklqana
 10493 | D:9      | Bought a scroll labelled GOHIC AZXAXE for 31 gold pieces
 10591 | D:10     | Entered Level 10 of the Dungeon
 10591 | D:10     | Noticed a two-headed ogre
 10598 | D:10     | Killed a two-headed ogre
 10599 | D:10     | Reached XP level 11. HP: 82/82 MP: 11/11
 10611 | D:10     | Found a staircase to the Lair.
 11004 | D:10     | Found Nudafris's Magic Scroll Shop.
 11012 | D:10     | Bought a scroll of butterflies for 40 gold pieces
 11174 | D:10     | Found a broken altar of Ashenzari.
 11211 | D:10     | Found an iron altar of Okawaru.
 11327 | D:10     | Found a basalt altar of Yredelemnul.
 11368 | D:10     | Reached skill level 10 in Short Blades
 11458 | D:10     | Reached skill level 11 in Fighting
 11578 | D:10     | Noticed Urug
 11587 | D:10     | Killed Urug
 11805 | D:10     | Reached XP level 12. HP: 68/90 MP: 12/12
 11832 | D:10     | Reached skill level 10 in Long Blades
 11991 | D:10     | Found a bloodstained altar of Trog.
 12219 | D:11     | Noticed a catoblepas
 12425 | D:11     | Noticed a centaur warrior
 12431 | D:11     | Killed a centaur warrior
 12665 | D:11     | Found a hazy altar of Hepliaklqana.
 12888 | Lair:1   | Entered Level 1 of the Lair of Beasts
 12940 | Lair:1   | Noticed a catoblepas
 12951 | Lair:1   | Killed a catoblepas
 13184 | Lair:1   | Reached ***** piety under Hepliaklqana
 13702 | Lair:2   | Noticed a death yak
 13793 | Lair:2   | Killed a death yak
 14004 | Lair:2   | Reached skill level 12 in Fighting
 14053 | Lair:2   | Found a staircase to the Snake Pit.
 14076 | Lair:2   | Reached XP level 13. HP: 84/97 MP: 13/13
 14376 | Lair:2   | Reached skill level 1 in Dodging
 14391 | Lair:2   | Reached skill level 1 in Armour
 14719 | Lair:2   | Found a large runed translucent door.
 14719 | Lair:2   | Found a large runed translucent door.
 14725 | Lair:2   | Noticed mycrawlcharacter's ghost (journeyman MiBe)
 15044 | Lair:3   | Found a staircase to the Swamp.
 16062 | Lair:4   | Reached skill level 13 in Fighting
 16463 | Lair:4   | Found a transporter.
 16499 | Lair:4   | Found a transporter.
 16502 | Lair:4   | Reached skill level 5 in Dodging
 16506 | Lair:4   | Reached skill level 5 in Armour
 16642 | Lair:4   | Identified the +0 mace of Foklel {flame, rC+}
 16796 | Lair:4   | Noticed Snorg
 16806 | Lair:4   | Killed Snorg
 17359 | Lair:5   | Entered Level 5 of the Lair of Beasts
 17466 | Lair:5   | Reached XP level 14. HP: 106/106 MP: 14/14
 17868 | Lair:5   | Found a staircase to the Slime Pits.
 17977 | Lair:5   | Reached ****** piety under Hepliaklqana
 19242 | Lair:5   | Found a corrupted altar of Lugonu.
 19242 | Lair:5   | Found a one-way gate to the infinite horrors of the Abyss.
 19289 | Lair:5   | Identified the +0 ring mail of the Trombone {Harm rN++
                  | Dex-2 Stlth+}
 19293 | Lair:5   | Identified the +2 ring mail of Inaction {rCorr Dex+2}
 19598 | D:12     | Found a flickering gateway to a bazaar.
 19637 | Bazaar   | Entered a bazaar
 19645 | Bazaar   | Found Gigruihar's Book Shop.
 19658 | Bazaar   | Found Fyihitup's Antique Armour Shop.
 19692 | Bazaar   | Bought a bloodstained chain mail for 199 gold pieces
 19692 | Bazaar   | Identified the +0 chain mail of the Saviour {Harm rElec
                  | rC+} (You bought it in a shop in a bazaar)
 20713 | D:13     | Noticed Nessos
 20715 | D:13     | Nessos changed into Nessos the fire crab
 20715 | D:13     | Noticed Nessos
 20716 | D:13     | Found a gate leading to a gauntlet.
 20720 | D:13     | Killed Nessos the fire crab
 20758 | Gauntlet | Entered a Gauntlet
 20758 | Gauntlet | Found a transporter.
 20922 | Gauntlet | Found a transporter.
 20925 | Gauntlet | Found a transporter.
 20926 | Gauntlet | Found a transporter.
 20935 | Gauntlet | Found a transporter.
 20937 | Gauntlet | Found a transporter.
 20938 | Gauntlet | Found a transporter.
 20949 | Gauntlet | Found a transporter.
 20949 | Gauntlet | Found a transporter.
 20950 | Gauntlet | Found a transporter.
 20959 | Gauntlet | Found a transporter.
 20961 | Gauntlet | Found a transporter.
 20962 | Gauntlet | Found a transporter.
 20970 | Gauntlet | Found a transporter.
 21068 | Gauntlet | Reached skill level 14 in Fighting
 21142 | Gauntlet | Identified the ring "Nobb" {Fire rN+ Will+ MP-9}
 21172 | Gauntlet | Identified the ring "Jiceriec" {rCorr Int+4 Dex-3}
 21332 | Gauntlet | Identified the staff of the Wraith {+Blink rPois rF- Dex+5
                  | Alchemy}
 21549 | D:13     | Reached XP level 15. HP: 113/113 MP: 15/15
 21570 | D:13     | Identified the +2 buckler of Toumega {Int+4}
 21885 | D:13     | Noticed Kirke
 22615 | D:13     | You fall into a shaft and drop 1 floor!
 22996 | D:13     | Killed Kirke
 23129 | D:14     | Noticed Azrael
 23156 | D:14     | Killed Azrael
 24185 | D:14     | Found a gate to the Vaults.
 24510 | D:14     | Noticed Louise
 24570 | D:14     | Killed Louise
 24571 | D:14     | Reached skill level 10 in Dodging
 24681 | D:15     | Entered Level 15 of the Dungeon
 25384 | D:15     | Identified the ring "Ucka Ohe" {rElec rPois Int-2 Dex+2}
 25529 | D:15     | Noticed a fire giant
 25539 | D:15     | Killed a fire giant
 25540 | D:15     | Reached skill level 15 in Fighting
 25642 | D:15     | Found a transporter.
 25990 | D:15     | Found Hilosuot's Antique Armour Emporium.
 26045 | D:15     | Found a transporter.
 26065 | D:15     | Reached XP level 16. HP: 92/122 MP: 16/16
 26142 | D:15     | Identified the ring "Ucsuiss" {rElec rF+ Int+2}
 26153 | D:15     | Noticed a storm dragon
 26163 | D:15     | Killed a storm dragon
 26336 | D:15     | Found Xoept's Book Emporium.
 26344 | D:15     | Identified the ring of Giyr {Ice rN+ Dex+3}
 26608 | D:15     | Found Niaxuckuse's Antique Armour Emporium.
 27105 | D:15     | Found a staircase to the Depths.
 27112 | D:15     | Identified the +0 leather armour of Xipiogumm {rC- rCorr
                  | Str+3}
 27169 | D:15     | Acquired a bismuth core {RevMP, rPois rCorr Slay+3}
 27230 | D:15     | Bought a translucent scale mail for 351 gold pieces
 27230 | D:15     | Identified the +0 scale mail of Resourcefulness {Int+2
                  | Dex+4} (You bought it in a shop on level 15 of the Dungeon)
 27271 | D:15     | Bought a runed scale mail for 217 gold pieces
 27424 | Orc:1    | Entered Level 1 of the Orcish Mines
 27424 | Orc:1    | Found a roughly hewn altar of Beogh.
 27560 | Orc:1    | Reached skill level 1 in Invocations
 27807 | Orc:1    | Noticed Fannar
 27854 | Orc:1    | Killed Fannar
 27957 | Orc:1    | Noticed Harold
 27969 | Orc:1    | Killed Harold
 28263 | Orc:2    | Entered Level 2 of the Orcish Mines
 28288 | Orc:2    | Slain by an ettin

Illustrated notes

Levels and vault maps discovered:
D:1:      minmay_arrival_four_circles, layout_basic, minmay_misc_feat_diagonals
D:2:      layout_basic, minmay_tromino_mix6
D:3:      layout_loops_cross, mainiacjoe_sewer_entry_somewhere_in_here_1,
          minmay_pentomino_pile
D:4:      layout_basic, vehumet_statue, lemuel_doored_altar
D:5:      layout_gridville, nicolae_kikubaaqudgha_miasma_corner,
          xom_teletrap_fun, old_standard_altar, minmay_temple_entry_large_hall,
          minmay_shop_damaged
D:6:      layout_layer_cave, nzn_wu_jian_contemplation
D:7:      layout_cave_pools, jmf_multi_god_temple, minmay_fountain_box
D:8:      layout_loops_corners, lemuel_round_altar, serial_shops,
          nicolae_shop_bloodbath_and_beyond, kennysheep_another_room
D:9:      layout_long_grid, lemuel_round_altar,
          nemelex_xobeh_ov_fountains_minmay, kennysheep_mini_moat, orc_0_dummy,
          serial_shops, nicolae_inconvenience_store, uniq_maggie
D:10:     layout_roguey, nicolae_ashenzari_panopticon,
          mainiacjoe_overflow_catwalk_spiral, nicolae_yredelemnul_corpse_copse,
          david_lair_generic, special_room [special_room_bee], serial_shops,
          nicolae_shop_hallway_stairs, grunt_ministairs_9, uniq_urug
D:11:     layout_basic, worldfamousw_hep_ancestral_shrine
D:12:     layout_long_grid, serial_shops, bzr_entry_lakeside
D:13:     layout_loops_ring, gauntlet_entry_generic, uniq_nessos, uniq_kirke
D:14:     layout_cave_pools, hangedman_vaults_entry_quadrant_bands,
          serial_bayou_pond_c, hangedman_tell_no_tales, uniq_azrael, uniq_louise
D:15:     hangedman_spin_cycle
Temple:   hellmonk_temple_two_chambers
Lair:1:   layout_regular_city, grunt_megastairs_3
Lair:2:   layout_chaotic_city, minmay_snake_entry_guardpost_small,
          ebering_ghost_disaster_area, infiniplex_staircase_pool_2
Lair:3:   layout_big_grid, swamp_mist, infiniplex_staircase_pool
Lair:4:   gammafunk_cloud_chamber, layout_regular_city,
          chequers_serial_rivers_micro_a, uniq_snorg
Lair:5:   hellmonk_lair_end_abyssal_woods, layout_cave_pods, slime_entry_1,
          lemuel_fruit_tree
Orc:1:    layout_caves, basic_altar, uniq_harold, uniq_fannar
Orc:2:    grunt_orc_cross, layout_caves

Skill      XL: |  1  2  3  4  5  6  7  8  9 10 11 12 13 14 15 16 |
---------------+-------------------------------------------------+-----
Short Blades   | 2 3 4 5 6 7 9 10 12 | 12.4
Fighting       | 3 4 5 7 9 10 11 12 13 14 15 | 15.9
Long Blades    | 4 6 7 9 11 | 11.5
Evocations     | 3 5 |  5.0
Dodging        | 5 8 11 12 | 12.5
Armour         | 5 8 9 |  9.9
Invocations    | 3 |  3.4
Throwing       | |  1.7
Stealth        | |  3.2

Action                     |  1- 3 |  4- 6 |  7- 9 | 10-12 | 13-15 | 16-18 || total
---------------------------+-------+-------+-------+-------+-------+-------++-------
  Melee: Dagger            |    92 |   158 |   189 |       |       |       ||   439
         Short sword       |    73 |     2 |   300 |    14 |       |       ||   389
         Rapier            |    13 |   166 |       |   395 |   764 |   205 ||  1543
         Falchion          |       |       |    93 |    72 |       |       ||   165
         Long sword        |       |       |       |   127 |       |       ||   127
         Scimitar          |       |       |       |   222 |   767 |    93 ||  1082
         Quick blade       |       |       |       |       |     2 |   212 ||   214
         Unarmed           |       |       |       |       |     2 |       ||     2
  Throw: Dart              |       |     4 |     8 |    10 |     2 |       ||    24
 Invoke: Ancestor Life: He |       |       |     1 |       |       |       ||     1
         Recall Ancestor   |       |       |       |     1 |     5 |       ||     6
         Transference      |       |       |       |       |     1 |       ||     1
Ability: Invent Gizmo      |       |       |       |       |       |     1 ||     1
  Evoke: Wand              |       |       |       |     5 |     8 |     1 ||    14
    Use: Scroll            |     5 |       |    13 |     8 |     6 |     6 ||    38
         Potion            |       |       |     1 |     2 |     2 |     1 ||     6
   Stab: Sleeping          |     4 |     1 |     4 |     4 |     6 |       ||    19
         Distracted        |       |     2 |     2 |     4 |    15 |     4 ||    27
         Confused          |       |       |     1 |    22 |    22 |    15 ||    60
         Invisible         |       |       |       |       |    15 |       ||    15
         Paralysed         |       |       |       |       |    13 |    18 ||    31
 Armour: Ring mail         |    39 |   150 |   178 |       |   248 |    62 ||   677
         Steam dragon scal |       |       |    51 |    41 |       |       ||    92
         Swamp dragon scal |       |       |       |   241 |   195 |       ||   436
         Skin              |       |       |       |       |     1 |       ||     1
         Scale mail        |       |       |       |       |       |    41 ||    41
  Dodge: Dodged            |    45 |    72 |   149 |   144 |   401 |   123 ||   934

Table legend: (Time is in decaauts)
 A = Elapsed time spent in this place.
 B = Non-inter-level travel time spent in this place.
 C = Inter-level travel time spent in this place.
 D = Time resting spent in this place.
 E = Time spent auto-exploring this place.
 F = Levels seen in this place.
 G = Mean time per level.
                   A        B        C        D        E       F      G
               +--------+--------+--------+--------+--------+-----+--------+
         Total |  27571 |  26241 |   1330 |   7223 |  13006 |  26 | 1060.4 |
       Dungeon |  19023 |  17985 |   1038 |   5188 |   8926 |  15 | 1268.2 |
        Temple |     23 |     18 |      5 |      0 |      0 |   1 |   23.0 |
          Lair |   6401 |   6128 |    273 |   1285 |   3656 |   5 | 1280.2 |
  Orcish Mines |    790 |    777 |     13 |    316 |    303 |   2 |  395.0 |
        Bazaar |     69 |     69 |      0 |      0 |     31 |   1 |   69.0 |
         Sewer |    598 |    598 |      0 |    141 |      0 |   1 |  598.0 |
      Gauntlet |    663 |    663 |      0 |    293 |     90 |   1 |  663.0 |
               +--------+--------+--------+--------+--------+-----+--------+

Top non-repeatable levels by time:
    D:15: 2459 daAuts
     D:6: 2053 daAuts
  Lair:5: 1954 daAuts
    D:13: 1892 daAuts
    D:10: 1469 daAuts
    D:14: 1313 daAuts
  Lair:2: 1277 daAuts
     D:8: 1242 daAuts
  Lair:4: 1212 daAuts
  Lair:3: 1191 daAuts
     D:7: 1158 daAuts
    D:12: 1126 daAuts
     D:9: 1118 daAuts
     D:3: 942 daAuts
     D:2: 928 daAuts

Action                     |  1- 3 |  4- 6 |  7- 9 | 10-12 | 13-15 | 16-18 || total
---------------------------+-------+-------+-------+-------+-------+-------++-------
  Melee: Dagger            |    92 |   158 |   189 |       |       |       ||   439
         Short sword       |    73 |     2 |   300 |    14 |       |       ||   389
         Rapier            |    13 |   166 |       |   395 |   764 |   205 ||  1543
         Falchion          |       |       |    93 |    72 |       |       ||   165
         Long sword        |       |       |       |   127 |       |       ||   127
         Scimitar          |       |       |       |   222 |   767 |    93 ||  1082
         Quick blade       |       |       |       |       |     2 |   212 ||   214
         Unarmed           |       |       |       |       |     2 |       ||     2
  Throw: Dart              |       |     4 |     8 |    10 |     2 |       ||    24
 Invoke: Ancestor Life: He |       |       |     1 |       |       |       ||     1
         Recall Ancestor   |       |       |       |     1 |     5 |       ||     6
         Transference      |       |       |       |       |     1 |       ||     1
Ability: Invent Gizmo      |       |       |       |       |       |     1 ||     1
  Evoke: Wand              |       |       |       |     5 |     8 |     1 ||    14
    Use: Scroll            |     5 |       |    13 |     8 |     6 |     6 ||    38
         Potion            |       |       |     1 |     2 |     2 |     1 ||     6
   Stab: Sleeping          |     4 |     1 |     4 |     4 |     6 |       ||    19
         Distracted        |       |     2 |     2 |     4 |    15 |     4 ||    27
         Confused          |       |       |     1 |    22 |    22 |    15 ||    60
         Invisible         |       |       |       |       |    15 |       ||    15
         Paralysed         |       |       |       |       |    13 |    18 ||    31
 Armour: Ring mail         |    39 |   150 |   178 |       |   248 |    62 ||   677
         Steam dragon scal |       |       |    51 |    41 |       |       ||    92
         Swamp dragon scal |       |       |       |   241 |   195 |       ||   436
         Skin              |       |       |       |       |     1 |       ||     1
         Scale mail        |       |       |       |       |       |    41 ||    41
  Dodge: Dodged            |    45 |    72 |   149 |   144 |   401 |   123 ||   934

Table legend: (Time is in decaauts)
 A = Elapsed time spent in this place.
 B = Non-inter-level travel time spent in this place.
 C = Inter-level travel time spent in this place.
 D = Time resting spent in this place.
 E = Time spent auto-exploring this place.
 F = Levels seen in this place.
 G = Mean time per level.
                   A        B        C        D        E       F      G
               +--------+--------+--------+--------+--------+-----+--------+
         Total |  27571 |  26241 |   1330 |   7223 |  13006 |  26 | 1060.4 |
       Dungeon |  19023 |  17985 |   1038 |   5188 |   8926 |  15 | 1268.2 |
        Temple |     23 |     18 |      5 |      0 |      0 |   1 |   23.0 |
          Lair |   6401 |   6128 |    273 |   1285 |   3656 |   5 | 1280.2 |
  Orcish Mines |    790 |    777 |     13 |    316 |    303 |   2 |  395.0 |
        Bazaar |     69 |     69 |      0 |      0 |     31 |   1 |   69.0 |
         Sewer |    598 |    598 |      0 |    141 |      0 |   1 |  598.0 |
      Gauntlet |    663 |    663 |      0 |    293 |     90 |   1 |  663.0 |
               +--------+--------+--------+--------+--------+-----+--------+

Top non-repeatable levels by time:
    D:15: 2459 daAuts
     D:6: 2053 daAuts
  Lair:5: 1954 daAuts
    D:13: 1892 daAuts
    D:10: 1469 daAuts
    D:14: 1313 daAuts
  Lair:2: 1277 daAuts
     D:8: 1242 daAuts
  Lair:4: 1212 daAuts
  Lair:3: 1191 daAuts
     D:7: 1158 daAuts
    D:12: 1126 daAuts
     D:9: 1118 daAuts
     D:3: 942 daAuts
     D:2: 928 daAuts
